 Dungeon Crawl Stone Soup version 0.20-a0-336-g7b05759 (webtiles) character file.

73300 Da5id the Severer (level 15, -4/138 HPs)
             Began as a Minotaur Fighter on Dec 21, 2016.
             Was the Champion of the Shining One.
             Slain by an ettin
             ... wielding a +0 dire flail
              (25 damage)
             ... on level 15 of the Dungeon.
             The game lasted 00:39:37 (25827 turns).

Da5id the Severer (Minotaur Fighter)               Turns: 25827, Time: 00:39:37

Health: -4/138     AC: 25    Str: 32    XL:     15   Next: 3%
Magic:  23/23      EV:  6    Int:  5    God:    the Shining One [******]
Gold:   1581       SH: 10    Dex: 13    Spells: 14/14 levels left

rFire  + . .     SeeInvis +     i - +2 war axe (elec)
rCold  . . .     Gourm    .     U - +0 plate armour "Qinam" {*Drain +Inv rPois Regen+ Str+4}
rNeg   + + +     Faith    +     c - +0 shield
rPois  +         Spirit   .     (helmet restricted)
rElec  .         Reflect  .     I - +2 cloak {+Inv}
rCorr  .         Harm     .     g - +2 pair of gloves
MR     +....                    d - +0 pair of boots of Distant Worlds {Slay+3}
Stlth  ..........               e - amulet of Bioqa {Faith SInv Stlth+}
                                n - ring of positive energy
                                y - ring of protection from fire

@: slowed, glowing, very slow
A: retaliatory headbutt, horns 2, agile 1, blink, strong 1, wild magic 1
a: Blink, Divine Shield, Cleansing Flame, Summon Divine Warrior, Brand Weapon
With Holy Wrath, Renounce Religion, Evoke Invisibility


You were on level 15 of the Dungeon.
You worshipped the Shining One.
The Shining One was exalted by your worship.
You were not hungry.

You visited 3 branches of the dungeon, and saw 22 of its levels.
You also visited: Sewer.

You collected 1581 gold pieces.

Inventory:

Hand Weapons
 a - a +1 war axe of flaming
 i - a +2 war axe of electrocution (weapon)
 v - a +0 battleaxe
Missiles
 B - 177 bolts
Armour
 c - a +0 shield (worn)
 d - the +0 pair of boots of Distant Worlds (worn) {Slay+3}
   (You found it on level 13 of the Dungeon)

   It affects your accuracy and damage with ranged weapons and melee attacks
   (+3).
 g - a +2 pair of gloves (worn)
 C - a +2 pair of boots
 I - a +2 cloak of invisibility (worn)
 U - the +0 plate armour "Qinam" (worn) {*Drain +Inv rPois Regen+ Str+4}
   (You found it on level 6 of the Lair of Beasts)

   It affects your strength (+4).
   It protects you from poison.
   It lets you turn invisible.
   It increases your rate of regeneration.
   It causes draining when unequipped.
Jewellery
 e - the amulet of Bioqa (around neck) {Faith SInv Stlth+}
   (You found it on level 14 of the Dungeon)

   [amulet of faith]

   It allows you to gain divine favour quickly.
   It lets you see invisible.
   It makes you more stealthy.
 n - a ring of positive energy (right hand)
 o - an uncursed ring of flight
 y - a ring of protection from fire (left hand)
 L - an uncursed amulet of the gourmand
Wands
 s - a wand of iceblast (8/15)
 t - a wand of confusion (28/48)
 N - a wand of slowing (34/48)
 R - a wand of digging (23/24)
 W - a wand of disintegration (18/24)
Scrolls
 h - 19 scrolls of identify
 j - 4 scrolls of fog
 l - 5 scrolls of magic mapping
 p - a scroll of immolation
 r - 8 scrolls of teleportation
 w - 5 scrolls of enchant weapon
 x - 3 scrolls of recharging
 z - 2 scrolls of blinking
 E - a scroll of fear
 H - a scroll of amnesia
 M - a scroll of enchant armour
Potions
 b - 4 potions of brilliance
 m - 3 potions of heal wounds
 q - a potion of ambrosia
 A - 6 potions of lignification
 D - 2 potions of flight
 F - 4 potions of magic
 G - 7 potions of curing
 K - 2 potions of resistance
 P - 2 potions of cancellation
 T - a potion of haste
 Z - a potion of mutation
Comestibles
 f - 15 bread rations
 k - 13 meat rations
 u - 5 beef jerkies
 J - 16 fruits
 Q - 12 chunks of flesh
 V - 9 royal jellies
 Y - 5 slices of pizza


   Skills:
 - Level 14.2 Fighting
 - Level 18.5 Axes
 - Level 14.2 Armour
 - Level 3.6 Shields
 + Level 13.0 Invocations


You had 14 spell levels left.
You didn't know any spells.

Dungeon Overview and Level Annotations

Branches:
Dungeon (15/15)            Temple (1/1) D:7            Lair (6/6) D:9
 Shoals (0/4) Lair:4        Snake (0/4) Lair:3        Slime (0/5) Lair:6
    Orc (0/2) D:11         Vaults (0/5) D:14
 Depths: D:15

Altars:
Ashenzari
Cheibriados
Dithmenos
Elyvilon
Fedhas
Gozag
Hepliaklqana
Kikubaaqudgha
Makhleb
Nemelex Xobeh
Okawaru
Qazlal
Ru
Sif Muna
Trog
Uskayaw
Vehumet
Xom
Yredelemnul
Zin
The Shining One
Jiyva

Shops:
D:6 :   D:13 *   D:14 [


Innate Abilities, Weirdness & Mutations

You reflexively headbutt those who attack you in melee.
You have a pair of horns on your head.
You are agile. (Dex +2)
You can translocate small distances at will.
Your muscles are strong. (Str +2)
Your spells are a little harder to cast, but a little more powerful.


Message History

You hit the ettin but do no damage. You headbutt the ettin!
The ettin is lightly wounded.
You hit the two-headed ogre.
There is a sudden explosion of sparks!
You hit the ettin but do no damage.
The ettin is lightly wounded.
You completely miss the two-headed ogre.
The ettin hits you but does no damage. The ettin hits you with a great mace!!
* * * LOW HITPOINT WARNING * * *
You block the two-headed ogre's attack. The two-headed ogre barely misses you.
You block the ettin's attack. The ettin hits you with a great mace!
* * * LOW HITPOINT WARNING * * *
You slash the ettin! You headbutt the ettin!
The ettin is heavily wounded.
You slash the two-headed ogre! You block the two-headed ogre's attack.
The two-headed ogre hits you with a giant club.
* * * LOW HITPOINT WARNING * * *
You slice the ettin!!
There is a sudden explosion of sparks!
The ettin is almost dead.
You slash the two-headed ogre! The ettin hits you with a dire flail!!
You die...

............... ..
#.....................
.).#.....................
..#...............######
#.#.#............#.....
#...............#.....
#.......######..#.....
...#..OC...# #..'.....
.......@...# #..#.....
...........# #..#.....
...........######..#.....
...................######
##.......................
#.......................
#....................(..
#...###+#######.........
#... #..######.


You could see an ettin and a two-headed ogre.

Vanquished Creatures
  2 entropy weavers
  The ghost of worldfamousw the Tainter, a journeyman NaTm of Hepliaklqana (Lair:6)
  Nessos (Lair:4)
  2 ogre magi
  5 hydras
  2 centaur warriors
  A catoblepas (Lair:6)
  5 two-headed ogres
  11 death yaks
  A deep troll shaman (Lair:6)
  A queen ant (Lair:6)
  A tengu warrior (D:14)
  A skeletal warrior (D:14)
  A fire crab (Lair:5)
  A hell knight (D:15)
  2 deep elf magi (D:12)
  A wolf spider zombie (D:14)
  4 oklob plants (Lair:5)
  An orc knight (D:14)
  2 cyclopes
  A shining eye (Lair:6)
  A manticore (D:11)
  3 black mambas (Lair:6)
  15 elephants
  Psyche (D:8)
  11 spiny frogs
  7 komodo dragons
  2 rime drakes (Lair:2)
  5 yaktaurs (D:14)
  A troll (shapeshifter) (D:13)
  5 trolls
  A tengu conjurer (D:14)
  A harpy skeleton (D:14)
  3 meliai (D:13)
  3 polar bears
  2 hornets
  16 blink frogs
  A slime creature (Lair:6)
  6 hippogriffs
  2 wyverns
  20 yaks
  A wraith (D:13)
  3 basilisks
  A hungry ghost (D:11)
  A steam dragon (Lair:3)
  28 water moccasins
  27 soldier ants
  A naga (Lair:3)
  An acid dragon (D:13)
  16 porcupines
  A swamp drake (Lair:2)
  4 ice beasts
  3 sky beasts
  A black bear (Lair:2)
  2 eyes of draining
  2 necrophages
  3 boggarts (D:14)
  7 ogres
  11 centaurs (D:12)
  16 crocodiles
  9 wolves
  A big kobold (D:11)
  A wyvern zombie (D:7)
  18 bullfrogs
  A wyvern skeleton (D:14)
  4 scorpions
  5 killer bees (D:9)
  14 wights
  3 howler monkeys
  3 electric eels
  16 crimson imps
  2 centaur zombies
  5 jellies
  A quasit (D:13)
  8 hounds
  2 orc priests
  3 bullfrog skeletons
  3 bullfrog zombies
  A gnoll shaman (D:9)
  7 centaur skeletons
  6 iguanas
  9 orc wizards
  33 worker ants
  A hound zombie (D:5)
  2 hound skeletons
  4 worker ant zombies
  9 gnolls
  31 adders
  A river rat (D:6)
  8 shadow imps
  A white imp (D:14)
  2 oozes
  5 adder skeletons
  An adder zombie (D:5)
  6 worms
  2 dart slugs (D:1)
  A leopard gecko (D:1)
  31 orcs
  9 bats
  7 giant cockroaches
  8 hobgoblins
  11 jackals
  3 quokkas
  12 ball pythons
  9 frilled lizards
  7 goblins
  A jackal zombie (D:5)
  11 kobolds
  A leopard gecko skeleton (D:5)
  2 quokka skeletons (D:5)
  13 rats
  2 fungi
  A plant (Lair:6)
  A withered plant (D:5)
640 creatures vanquished.

Vanquished Creatures (collateral kills)
  A centaur skeleton (D:12)
1 creature vanquished.

Vanquished Creatures (others)
  A blink frog (Lair:5)
  27 fungi
  15 plants
43 creatures vanquished.

Grand Total: 684 creatures vanquished

Notes
Turn   | Place    | Note
-------+----------+-------------------------------------------
     0 | D:1      | Da5id the Minotaur Fighter began the quest for the Orb.
     0 | D:1      | Reached XP level 1. HP: 19/19 MP: 0/0
    62 | D:1      | Reached skill level 3 in Axes
   108 | D:1      | Reached XP level 2. HP: 23/26 MP: 1/1
   477 | D:1      | Reached skill level 4 in Axes
   988 | D:1      | Reached XP level 3. HP: 31/31 MP: 2/2
  1299 | D:2      | Reached skill level 5 in Axes
  1508 | D:2      | Reached XP level 4. HP: 39/39 MP: 3/3
  1747 | D:3      | Reached skill level 6 in Axes
  1780 | D:3      | Reached XP level 5. HP: 29/45 MP: 4/4
  2165 | D:3      | Found a shadowy altar of Dithmenos.
  2166 | D:3      | Noticed an ice beast
  2177 | D:3      | Reached skill level 7 in Axes
  2177 | D:3      | Killed an ice beast
  2177 | D:3      | Reached XP level 6. HP: 35/51 MP: 5/5
  2236 | D:3      | Reached skill level 8 in Axes
  2638 | D:4      | Reached skill level 9 in Axes
  2791 | D:4      | Reached XP level 7. HP: 44/57 MP: 6/6
  3256 | D:5      | Entered Level 5 of the Dungeon
  3577 | D:5      | Reached skill level 10 in Axes
  4307 | D:5      | Reached skill level 11 in Axes
  4328 | D:5      | Found an ancient bone altar of Kikubaaqudgha.
  4398 | D:5      | Reached XP level 8. HP: 64/64 MP: 7/7
  4767 | D:6      | Found a glowing drain.
  4794 | D:6      | Reached skill level 12 in Axes
  4796 | Sewer    | Entered a sewer
  5225 | D:6      | Gained mutation: You can translocate small distances at will. [mutagenic meat]
  5226 | D:6      | Gained mutation: Your muscles are strong. (Str +2) [mutagenic meat]
  5227 | D:6      | Gained mutation: You are agile. (Dex +2) [mutagenic meat]
  5736 | D:6      | Found Serapp's Book Boutique.
  5855 | D:7      | Found a staircase to the Ecumenical Temple.
  5882 | Temple   | Entered the Ecumenical Temple
  6037 | Temple   | Became a worshipper of the Shining One
  6105 | D:7      | Reached skill level 13 in Axes
  6549 | D:7      | Reached XP level 9. HP: 70/70 MP: 8/8
  6710 | D:8      | Reached * piety under the Shining One
  6735 | D:8      | Reached skill level 14 in Axes
  6765 | D:8      | Noticed a two-headed ogre
  6772 | D:8      | Killed a two-headed ogre
  6772 | D:8      | Reached skill level 15 in Axes
  6805 | D:8      | Noticed Psyche
  6810 | D:8      | Killed Psyche
  6877 | D:8      | Found a hazy altar of Hepliaklqana.
  7218 | D:9      | Reached skill level 16 in Axes
  7229 | D:9      | Reached XP level 10. HP: 64/77 MP: 9/9
  7477 | D:9      | Found a staircase to the Lair.
  7587 | D:9      | Reached ** piety under the Shining One
  7778 | D:9      | Reached skill level 17 in Axes
  8317 | D:9      | Found an opulent altar of Gozag.
  8327 | D:9      | Found a burning altar of Makhleb.
  8571 | D:10     | Entered Level 10 of the Dungeon
  8731 | D:10     | Noticed a two-headed ogre
  8738 | D:10     | Killed a two-headed ogre
  8738 | D:10     | Reached skill level 5 in Fighting
  8738 | D:10     | Reached skill level 5 in Armour
  9012 | D:10     | Found a blossoming altar of Fedhas.
  9165 | D:10     | Reached XP level 11. HP: 53/89 MP: 10/10
  9596 | D:11     | Reached *** piety under the Shining One
 10259 | D:11     | Noticed a two-headed ogre
 10266 | D:11     | Killed a two-headed ogre
 10266 | D:11     | Reached skill level 18 in Axes
 10353 | D:11     | Found a staircase to the Orcish Mines.
 11121 | D:12     | Noticed a deep elf mage
 11130 | D:12     | Killed a deep elf mage
 11546 | D:12     | Reached **** piety under the Shining One
 12352 | D:12     | Noticed a centaur warrior
 12361 | D:12     | Killed a centaur warrior
 13190 | D:12     | Noticed a deep elf mage
 13198 | D:12     | Killed a deep elf mage
 13198 | D:12     | Reached skill level 1 in Invocations
 13610 | Lair:1   | Entered Level 1 of the Lair of Beasts
 13628 | Lair:1   | Reached XP level 12. HP: 104/104 MP: 10/12
 14370 | Lair:2   | Noticed a seven-headed hydra
 14378 | Lair:2   | Killed a two-headed hydra
 14378 | Lair:2   | Reached skill level 10 in Fighting
 14378 | Lair:2   | Reached skill level 10 in Armour
 14977 | Lair:2   | Noticed a six-headed hydra
 14986 | Lair:2   | Killed a two-headed hydra
 15756 | Lair:2   | Reached skill level 5 in Invocations
 16083 | Lair:3   | Found a staircase to the Snake Pit.
 17030 | Lair:4   | Reached XP level 13. HP: 107/116 MP: 16/16
 17145 | Lair:4   | Found an opulent altar of Gozag.
 17234 | Lair:4   | Found a staircase to the Shoals.
 17624 | Lair:4   | Noticed Nessos
 17630 | Lair:4   | Killed Nessos
 20515 | Lair:6   | Entered Level 6 of the Lair of Beasts
 20516 | Lair:6   | Noticed an entropy weaver
 20548 | Lair:6   | HP: 6/122 [entropy weaver (3)]
 20550 | Lair:5   | Killed an entropy weaver
 20554 | Lair:5   | HP: 4/122 [poisoned by a soldier ant]
 20559 | Lair:5   | HP: 4/122 [poisoned by a soldier ant]
 20566 | Lair:5   | HP: 4/122 [poisoned by a soldier ant]
 20574 | Lair:5   | HP: 4/122 [poisoned by a soldier ant]
 21126 | Lair:6   | Reached XP level 14. HP: 105/129 MP: 19/19
 21158 | Lair:6   | Got a dazzling leather armour
 21169 | Lair:6   | Identified the cursed +1 leather armour "Forget-Me-Not" {+Inv rCorr Slay+2} (You found it on level 6 of the Lair of Beasts)
 21456 | Lair:6   | Reached ***** piety under the Shining One
 21504 | Lair:6   | Got a fine plate armour
 22107 | Lair:6   | Noticed an entropy weaver
 22119 | Lair:6   | Killed an entropy weaver
 22119 | Lair:6   | Reached skill level 10 in Invocations
 22125 | Lair:6   | HP: 4/132 [yak (9)]
 22167 | Lair:6   | Noticed worldfamousw's ghost (journeyman NaTm)
 22839 | Lair:6   | Found a viscous altar of Jiyva.
 22840 | Lair:6   | Found a staircase to the Slime Pits.
 22923 | Lair:6   | Killed worldfamousw's ghost
 23445 | Lair:6   | Gained mutation: Your spells are a little harder to cast, but a little more powerful. [a shining eye]
 23899 | D:13     | Identified the cursed +0 plate armour "Qinam" {*Drain +Inv rPois Regen+ Str+4} (You found it on level 6 of the Lair of Beasts)
 23938 | D:13     | Got a pair of slimy boots
 24202 | D:13     | Found Josh's General Store.
 24264 | D:13     | Identified the +0 pair of boots of Distant Worlds {Slay+3} (You found it on level 13 of the Dungeon)
 24458 | D:14     | Got a translucent ruby amulet
 24460 | D:14     | Identified the amulet of Bioqa {Faith SInv Stlth+} (You found it on level 14 of the Dungeon)
 25250 | D:14     | Found Rurubu's Antique Armour Shop.
 25277 | D:14     | Reached ****** piety under the Shining One
 25357 | D:14     | Found a gate to the Vaults.
 25738 | D:15     | Entered Level 15 of the Dungeon
 25770 | D:15     | Reached XP level 15. HP: 138/138 MP: 23/23
 25827 | D:15     | Slain by an ettin

Vault maps used:
D:1:      sevenhm_arrival_forest_fort_large_4
D:2:      minmay_rat_gold_closets
D:3:      nicolae_dithmenos_through_a_glass_darkly
D:4:      first_bread
D:5:      minmay_opposing_rooms, kiku_gazebo_pond_becter, serial_undead,
          serial_undead_f, serial_undead_b, serial_undead_f, serial_undead_e,
          serial_undead_c, serial_undead_b
D:6:      portal_sewer_entry_a, serial_shops, kennysheep_mini
D:8:      kennysheep_mini_moat, uniq_psyche
D:9:      amethyst_overflow_temple_binary, erik_lair_island
D:10:     argonaut_augean_stables, hangedman_pestilent_swarm, fedhas_altar_4
D:11:     orc_0_dummy
D:13:     serial_shops, shop, kennysheep_generic_room_4
D:14:     hangedman_vaults_entry_quadrant_bands, serial_shops,
          nicolae_shop_crystal, roderic_whirl, minmay_nine_imps
D:15:     hangedman_depths_entry_civil_slaughter, minivault_11
Temple:   eino_temple_scatter_basement
Lair:2:   lemuel_reptile_caves
Lair:3:   guppyfry_snake_entry_garden
Lair:4:   elwin_shoals_entry_rocks, basic_altar, grunt_megastairs_1,
          serial_bayou_shore_a, uniq_nessos
Lair:5:   lemuel_fruit_tree, grunt_megastairs_4, serial_bayou_shore_b,
          minmay_lair_oklob_chamber
Lair:6:   grunt_lair_end_beastmaster, slime_altar_1, zaba_anthell,
          infiniplex_staircase_pool
Sewer:    sewer_co_cracked_pipes

Skill      XL: |  1  2  3  4  5  6  7  8  9 10 11 12 13 14 15 |
---------------+----------------------------------------------+-----
Axes           | 3 4 5 6 7 9 11 13 16 17 18 | 18.5
Fighting       | 6 9 11 13 14 | 14.2
Armour         | 5 9 11 13 14 | 14.2
Invocations    | 1 6 9 12 13 | 13.0
Shields        | |  3.6

Action                   |  1- 3 |  4- 6 |  7- 9 | 10-12 | 13-15 || total
-------------------------+-------+-------+-------+-------+-------++-------
Melee: War axe           |    98 |   139 |   358 |   576 |   579 ||  1750
       Headbutt          |     9 |    24 |    58 |   130 |   180 ||   401
Invok: Divine Shield     |       |       |       |     2 |       ||     2
  Use: Potion            |       |       |     1 |     3 |     8 ||    12
       Scroll            |       |       |       |    35 |     6 ||    41
  Eat: Chunk             |     2 |     4 |    32 |    32 |    24 ||    94
       Royal jelly       |       |       |     1 |       |       ||     1
Armor: Scale mail        |    40 |    12 |       |       |       ||    52
       Plate armour      |       |    66 |   182 |   327 |   223 ||   798
       Leather armour    |       |       |       |       |    55 ||    55
Dodge: Dodged            |    21 |    23 |    46 |   110 |   120 ||   320
Block: Shield            |    41 |    68 |   136 |   237 |   223 ||   705
